[Event "6th Cattolica Open 2019"]
[Site "Cattolica"]
[Date "2019.06.10"]
[Round "4.6"]
[White "Sonis, Francesco"]
[Black "Mezentsev, Ivan"]
[Result "1-0"]
[ECO "D31"]
[WhiteElo "2494"]
[BlackElo "2281"]
[Annotator "ChessBase"]
[PlyCount "105"]
[EventDate "2019.06.08"]
[EventType "swiss"]
[EventCountry "ITA"]
[SourceTitle "playchess.com"]
[Source "ChessBase"]
[SourceQuality "1"]
[TimeControl "40/5400+30:900+30"]

1. d4 d5 2. c4 e6 3. Nc3 a6 4. cxd5 exd5 5. Bf4 Nf6 6. e3 Bd6 7. Bxd6 Qxd6 8. Bd3 O-O 9. h3 Re8 10. Nf3 Nbd7 11. O-O b6 12. Qb3 Bb7 13. Rfd1 Re7 14. a4 Ne4 15. a5 b5 16. Na2 c5 17. dxc5 Ndxc5 18. Qb4 Rc8 19. Bxe4 Rxe4 20. Nd4 Ree8 21. Rac1 Ne4 22. Qxd6 Nxd6 23. Nb4 Kf8 24. b3 Ne4 25. f3 Nf6 26. Kf2 h5 27. Nd3 Rxc1 28. Rxc1 Rc8 29. Nc5 Ne8 30. Ne2 Nd6 31. Nxb7 Rxc1 32. Nxd6 Ra1 33. Nb7 Ra2 34. Kf1 Ra1+ 35. Kf2 Ra2 36. Ke1 Ke7 37. g3 Kd7 38. Nc5+ Kc8 39. b4 g5 40. Nxa6 Ra1+ 41. Kf2 Rb1 42. Nc3 Rb2+ 43. Ke1 Kb7 44. Nc5+ Kc6 45. Nd3 Rh2 46. Ne2 Rxh3 47. Nf2 Rh2 48. Kf1 h4 49. g4 h3 50. Ng1 Rg2 51. Ngxh3 Rg3 52. Nxg5 f6 53. Nh1 1-0

[Event "6th Cattolica Open 2019"]
[Site "Cattolica"]
[Date "2019.06.10"]
[Round "4.9"]
[White "Epishin, Vladimir"]
[Black "Vignesh B"]
[Result "1/2-1/2"]
[ECO "C00"]
[WhiteElo "2564"]
[BlackElo "2283"]
[Annotator "ChessBase"]
[PlyCount "61"]
[EventDate "2019.06.08"]
[EventType "swiss"]
[EventCountry "ITA"]
[SourceTitle "playchess.com"]
[Source "ChessBase"]
[SourceQuality "1"]
[TimeControl "40/5400+30:900+30"]

1. Nc3 e6 2. e4 d5 3. Qe2 Nf6 4. Nf3 Be7 5. g3 O-O 6. Bg2 b6 7. O-O Bb7 8. Ne5 dxe4 9. Nxe4 Nxe4 10. Bxe4 Bxe4 11. Qxe4 Qd5 12. Re1 Qxe4 13. Rxe4 Bf6 14. Ng4 Nd7 15. Nxf6+ Nxf6 16. Rc4 c5 17. d3 Nd5 18. Bd2 Rfc8 19. a4 Rab8 20. c3 Rd8 21. d4 cxd4 22. Rxd4 Ne7 23. Rxd8+ Rxd8 24. Be1 Nc6 25. Kf1 Kf8 26. Ke2 Ke7 27. Rc1 Ne5 28. Rb1 Nd3 29. b4 e5 30. f3 Nxe1 31. Rxe1 1/2-1/2

[Event "6th Cattolica Open 2019"]
[Site "Cattolica"]
[Date "2019.06.10"]
[Round "4.11"]
[White "Yankelevich, Lev"]
[Black "Le Goff, Ronan"]
[Result "0-1"]
[ECO "C79"]
[WhiteElo "2484"]
[BlackElo "2229"]
[Annotator "ChessBase"]
[PlyCount "76"]
[EventDate "2019.06.08"]
[EventType "swiss"]
[EventCountry "ITA"]
[SourceTitle "playchess.com"]
[Source "ChessBase"]
[SourceQuality "1"]
[TimeControl "40/5400+30:900+30"]

1. e4 e5 2. Nf3 Nc6 3. Bb5 a6 4. Ba4 d6 5. O-O Bd7 6. d4 Nf6 7. Re1 Be7 8. d5 Nb8 9. c4 O-O 10. c5 Bg4 11. c6 bxc6 12. dxc6 a5 13. h3 Bh5 14. Nc3 Na6 15. Be3 Bg6 16. Bg5 Nc5 17. Bxf6 Bxf6 18. a3 Rb8 19. Ra2 d5 20. exd5 e4 21. Nh2 Rxb2 22. Rxb2 Bxc3 23. Rbe2 Bxe1 24. Rxe1 Nd3 25. Rf1 Qxd5 26. Qg4 Qc4 27. Qd1 Nb2 28. Bb3 Qxc6 29. Qd2 Nd3 30. Qxa5 Ra8 31. Qg5 h6 32. Qg4 Kh7 33. a4 Rb8 34. Qd1 Qc3 35. Ba2 Rb2 36. Qa1 Qd2 37. Bxf7 Bxf7 38. Ng4 h5 0-1

[Event "6th Cattolica Open 2019"]
[Site "Cattolica"]
[Date "2019.06.11"]
[Round "5.10"]
[White "Romanishin, Oleg M"]
[Black "Vuelban, Virgilio"]
[Result "1-0"]
[ECO "D76"]
[WhiteElo "2451"]
[BlackElo "2268"]
[Annotator "RC"]
[PlyCount "43"]
[EventDate "2019.06.08"]
[EventType "swiss"]
[EventCountry "ITA"]
[SourceTitle "playchess.com"]
[Source "ChessBase"]
[SourceQuality "1"]
[TimeControl "40/5400+30:900+30"]

1. d4 Nf6 2. Nf3 g6 3. g3 Bg7 4. Bg2 O-O 5. c4 d5 6. cxd5 Nxd5 7. O-O Nb6 8. Nc3 Nc6 9. d5 Na5 10. Qc2 c6 11. dxc6 Nxc6 12. Rd1 Bd7 13. Be3 Nc4 14. Bc5 b6 15. Nd4 Nxd4 16. Bxd4 e5 17. Bc5 Rc8 18. Bxf8 Bxf8 19. Rac1 Qe8 20. Bb7 Nd6 21. Bxc8 Bxc8 22. Rxd6 1-0

[Event "6th Cattolica Open 2019"]
[Site "Cattolica"]
[Date "2019.06.12"]
[Round "6.2"]
[White "Sonis, Francesco"]
[Black "Rychagov, Andrey"]
[Result "1/2-1/2"]
[ECO "D31"]
[WhiteElo "2494"]
[BlackElo "2520"]
[Annotator "ChessBase"]
[PlyCount "83"]
[EventDate "2019.06.08"]
[EventType "swiss"]
[EventCountry "ITA"]
[SourceTitle "playchess.com"]
[Source "ChessBase"]
[SourceQuality "1"]
[TimeControl "40/5400+30:900+30"]

1. d4 d5 2. c4 e6 3. Nc3 Be7 4. cxd5 exd5 5. Bf4 c6 6. e3 Bd6 7. Bxd6 Qxd6 8. Bd3 Ne7 9. Qf3 b6 10. Nge2 Ba6 11. Bc2 Bxe2 12. Qxe2 Nd7 13. O-O-O O-O-O 14. Qf3 Qf6 15. Qg3 Nf5 16. Bxf5 Qxf5 17. f3 Nf6 18. Rhf1 Qg6 19. e4 Qxg3 20. hxg3 dxe4 21. fxe4 Rd7 22. e5 Ng4 23. Rf4 h5 24. Rh1 Rh6 25. Ne4 Kd8 26. Ng5 Ke8 27. Re1 Re7 28. Ne4 Kd7 29. Ref1 f6 30. exf6 Nxf6 31. Nxf6+ Rxf6 32. Rxf6 gxf6 33. Rxf6 Re2 34. Rf5 Rxg2 35. Rxh5 Rxg3 36. Rh7+ Kd6 37. Rxa7 Rg4 38. Ra4 b5 39. Rb4 Kd5 40. Kc2 Rxd4 41. Kc3 Rd1 42. a4 1/2-1/2

[Event "6th Cattolica Open 2019"]
[Site "Cattolica"]
[Date "2019.06.12"]
[Round "6.3"]
[White "Vovk, Yuri"]
[Black "Barseghyan, Harutyun"]
[Result "0-1"]
[ECO "C90"]
[WhiteElo "2586"]
[BlackElo "2495"]
[Annotator "ChessBase"]
[PlyCount "84"]
[EventDate "2019.06.08"]
[EventType "swiss"]
[EventCountry "ITA"]
[SourceTitle "playchess.com"]
[Source "ChessBase"]
[SourceQuality "1"]
[TimeControl "40/5400+30:900+30"]

1. e4 e5 2. Nf3 Nc6 3. Bb5 a6 4. Ba4 Nf6 5. O-O Be7 6. Re1 b5 7. Bb3 d6 8. a4 Bd7 9. c3 O-O 10. d4 h6 11. Nbd2 Re8 12. d5 Na5 13. Bc2 c6 14. b4 Nb7 15. dxc6 Bxc6 16. c4 Bf8 17. Bb2 Qd7 18. Qe2 Rab8 19. cxb5 axb5 20. a5 Nd8 21. Nf1 Ba8 22. Red1 Qb7 23. Ne3 Ne6 24. Nd5 Nxd5 25. exd5 Nf4 26. Qe4 g6 27. Bb3 Bg7 28. g3 Qd7 29. Ne1 Nh3+ 30. Kg2 Ng5 31. Qe2 Qh3+ 32. Kg1 Bb7 33. a6 Bc8 34. a7 Ra8 35. Qxb5 Bg4 36. Rdc1 e4 37. Bxg7 e3 38. fxe3 Rxe3 39. Qf1 Re2 40. Qxh3 Nxh3+ 41. Kh1 Rxe1+ 42. Kg2 Re2+ 0-1

[Event "6th Cattolica Open 2019"]
[Site "Cattolica"]
[Date "2019.06.12"]
[Round "6.6"]
[White "Mezentsev, Ivan"]
[Black "Kharitonov, Alexandr"]
[Result "1/2-1/2"]
[ECO "A03"]
[WhiteElo "2281"]
[BlackElo "2547"]
[Annotator "ChessBase"]
[PlyCount "118"]
[EventDate "2019.06.08"]
[EventType "swiss"]
[EventCountry "ITA"]
[SourceTitle "playchess.com"]
[Source "ChessBase"]
[SourceQuality "1"]
[TimeControl "40/5400+30:900+30"]

1. Nf3 d5 2. e3 c5 3. b3 Nf6 4. Bb2 Nc6 5. Bb5 Bd7 6. O-O e6 7. Bxc6 Bxc6 8. Ne5 Rc8 9. d3 Be7 10. Nd2 O-O 11. f4 d4 12. Nxc6 Rxc6 13. Nc4 dxe3 14. Qf3 Nd5 15. Nxe3 Nxe3 16. Qxe3 Bf6 17. Bxf6 Qxf6 18. a4 Qd4 19. Rae1 g6 20. Qf2 Rd8 21. Re4 Qxf2+ 22. Kxf2 Rd4 23. Rfe1 h5 24. Ke3 Rcd6 25. Kf3 Kf8 26. Re5 Rc6 27. g3 Rdd6 28. h3 f6 29. R5e2 Kf7 30. g4 Rd5 31. Rg1 Rc8 32. Reg2 hxg4+ 33. hxg4 Rh8 34. Kg3 g5 35. Rf1 gxf4+ 36. Rxf4 Ke7 37. Re2 Rd4 38. Rfe4 e5 39. Re1 Ke6 40. Rxd4 cxd4 41. Rf1 b6 42. Kg2 a5 43. Kg3 Rh7 44. Kg2 Rh6 45. Kg3 Kd5 46. Rf5 Ke6 47. Rf1 Rh8 48. Kg2 Rg8 49. Kg3 Rc8 50. Rf2 Rh8 51. Rf1 Rh7 52. Kg2 Rc7 53. Rf2 e4 54. dxe4 Rc3 55. Kf1 d3 56. cxd3 Rxd3 57. Rb2 Rd4 58. Re2 Ke5 59. Kf2 Kf4 1/2-1/2

[Event "6th Cattolica Open 2019"]
[Site "Cattolica"]
[Date "2019.06.12"]
[Round "6.7"]
[White "Le Goff, Ronan"]
[Black "Arjun Kalyan"]
[Result "0-1"]
[ECO "D11"]
[WhiteElo "2229"]
[BlackElo "2484"]
[Annotator "ChessBase"]
[PlyCount "90"]
[EventDate "2019.06.08"]
[EventType "swiss"]
[EventCountry "ITA"]
[SourceTitle "playchess.com"]
[Source "ChessBase"]
[SourceQuality "1"]
[TimeControl "40/5400+30:900+30"]

1. d4 d5 2. Nf3 Nf6 3. c4 c6 4. Qc2 dxc4 5. e4 b5 6. b3 cxb3 7. axb3 e6 8. Bd2 a5 9. Bd3 Bb7 10. O-O Be7 11. Nc3 Na6 12. e5 Nb4 13. exf6 Nxc2 14. fxe7 Qxe7 15. Bxc2 c5 16. Nxb5 O-O 17. Bd3 cxd4 18. Rfc1 Rfc8 19. Rxc8+ Rxc8 20. Rxa5 Ra8 21. Rxa8+ Bxa8 22. Nfxd4 Qd7 23. f4 g5 24. Bf1 Bc6 25. Be3 gxf4 26. Bxf4 Bxb5 27. Nxb5 Qd1 28. b4 Qe1 29. Bg3 Qxb4 30. Bf2 e5 31. Nc7 Qd2 32. Ne8 Qd8 33. Bb5 Qd1+ 34. Bf1 Qd8 35. Bb5 Qd1+ 36. Bf1 f5 37. h3 e4 38. Be3 Kf7 39. Nc7 Qb3 40. Ba7 f4 41. Nb5 Qd1 42. Nc3 Qe1 43. Ne2 e3 44. Nxf4 Qf2+ 45. Kh2 Qxf4+ 0-1

[Event "6th Cattolica Open 2019"]
[Site "Cattolica"]
[Date "2019.06.12"]
[Round "6.8"]
[White "Borges, Guilherme Deola"]
[Black "Repka, Christopher"]
[Result "0-1"]
[ECO "E46"]
[WhiteElo "2171"]
[BlackElo "2482"]
[Annotator "ChessBase"]
[PlyCount "70"]
[EventDate "2019.06.08"]
[EventType "swiss"]
[EventCountry "ITA"]
[SourceTitle "playchess.com"]
[Source "ChessBase"]
[SourceQuality "1"]
[TimeControl "40/5400+30:900+30"]

1. d4 e6 2. c4 Nf6 3. Nc3 Bb4 4. e3 O-O 5. Nge2 c6 6. a3 Ba5 7. Qc2 d5 8. Ng3 Nbd7 9. Be2 dxc4 10. Bxc4 e5 11. O-O exd4 12. exd4 Nb6 13. Ba2 Nbd5 14. Re1 Be6 15. Bg5 h6 16. Bxf6 Qxf6 17. Nxd5 Bxd5 18. b4 Bxa2 19. Ne4 Qxd4 20. Qxa2 Bc7 21. Rad1 Qe5 22. Ng3 Rad8 23. Rxe5 Rxd1+ 24. Nf1 Bxe5 25. Qe2 Rd5 26. g3 Re8 27. Kg2 Re6 28. Qc2 Bd4 29. g4 h5 30. gxh5 Rxh5 31. Ng3 Rd5 32. Nf5 Bb6 33. h3 Rf6 34. Ne3 Rg5+ 35. Kh2 Rf3 0-1

[Event "6th Cattolica Open 2019"]
[Site "Cattolica"]
[Date "2019.06.12"]
[Round "6.9"]
[White "Epishin, Vladimir"]
[Black "Souhardo Basak"]
[Result "1-0"]
[ECO "A21"]
[WhiteElo "2564"]
[BlackElo "2104"]
[Annotator "ChessBase"]
[PlyCount "101"]
[EventDate "2019.06.08"]
[EventType "swiss"]
[EventCountry "ITA"]
[SourceTitle "playchess.com"]
[Source "ChessBase"]
[SourceQuality "1"]
[TimeControl "40/5400+30:900+30"]

1. c4 g6 2. Nf3 Bg7 3. Nc3 e5 4. d4 exd4 5. Nxd4 Ne7 6. Bg5 h6 7. Bh4 O-O 8. e3 c6 9. Be2 g5 10. Bg3 d5 11. cxd5 Nxd5 12. O-O Nxc3 13. bxc3 Nd7 14. Nf5 Nb6 15. Nxg7 Qxd1 16. Rfxd1 Kxg7 17. a4 Be6 18. Rdb1 Bc8 19. a5 Nd5 20. c4 Ne7 21. e4 Rd8 22. c5 Rd2 23. Kf1 f6 24. Rd1 Rc2 25. Rdc1 Rb2 26. f3 Ng6 27. Rcb1 Rc2 28. Bf2 Nf4 29. Bd1 Rc3 30. Rb3 Rxb3 31. Bxb3 Bd7 32. Rd1 Rd8 33. Rd6 Kf8 34. Bd4 Ke8 35. Bxf6 Rb8 36. Be5 Rd8 37. Rxh6 Be6 38. Rh8+ Kd7 39. Rxd8+ Kxd8 40. Bxf4 Bxb3 41. Bxg5+ Kd7 42. Kf2 Ke6 43. Bf4 Bc4 44. h4 Kf6 45. g4 Kg6 46. h5+ Kf6 47. Kg3 Be2 48. Bd2 Bd1 49. Bc3+ Kf7 50. g5 Kg8 51. g6 1-0

[Event "6th Cattolica Open 2019"]
[Site "Cattolica"]
[Date "2019.06.12"]
[Round "6.10"]
[White "Yankelevich, Lev"]
[Black "Drazic, Sinisa"]
[Result "1/2-1/2"]
[ECO "D20"]
[WhiteElo "2484"]
[BlackElo "2365"]
[Annotator "ChessBase"]
[PlyCount "141"]
[EventDate "2019.06.08"]
[EventType "swiss"]
[EventCountry "ITA"]
[SourceTitle "playchess.com"]
[Source "ChessBase"]
[SourceQuality "1"]
[TimeControl "40/5400+30:900+30"]

1. d4 d5 2. c4 dxc4 3. e4 Nf6 4. e5 Nd5 5. Bxc4 Nb6 6. Bd3 Nc6 7. Ne2 Bg4 8. Be3 e6 9. Nbc3 Qd7 10. O-O Nb4 11. Be4 N4d5 12. Qc1 Bf5 13. Ng3 c6 14. Bf3 Bg6 15. Nce4 Nxe3 16. fxe3 Be7 17. Nc5 Bxc5 18. dxc5 Nd5 19. e4 Nc7 20. Rd1 Qe7 21. Qe3 O-O 22. Rd2 Rad8 23. Rad1 Rxd2 24. Rxd2 Rd8 25. b4 a5 26. a3 h6 27. Be2 axb4 28. axb4 Kf8 29. h3 Ne8 30. Nf1 Ra8 31. Rd1 Ra4 32. Rd4 Qc7 33. b5 Ra5 34. b6 Qxe5 35. Rd7 Rxc5 36. Rxb7 Rc3 37. Qf2 Kg8 38. Ra7 Rb3 39. b7 Kh7 40. Ra8 Rxb7 41. Rxe8 Bxe4 42. Qe3 Qd5 43. Bf3 Bxf3 44. Qxf3 Qxf3 45. gxf3 Rb1 46. Rc8 Rc1 47. Kf2 g5 48. Ne3 h5 49. Ra8 Kg7 50. Ra4 f5 51. f4 gxf4 52. Rxf4 Kf6 53. Ra4 Rc3 54. Ra8 Ke5 55. h4 c5 56. Rh8 Ke4 57. Nd1 Rc2+ 58. Ke1 Kf3 59. Rxh5 Re2+ 60. Kf1 Rh2 61. Ke1 c4 62. Rh8 e5 63. Ra8 Rxh4 64. Ra3+ Ke4 65. Nc3+ Kd3 66. Ne2+ Kc2 67. Rc3+ Kb2 68. Kd2 Re4 69. Rf3 f4 70. Rh3 Re3 71. Rxe3 1/2-1/2

[Event "6th Cattolica Open 2019"]
[Site "Cattolica"]
[Date "2019.06.12"]
[Round "6.11"]
[White "Gilevych, Artem"]
[Black "Lumachi, Gabriele"]
[Result "1/2-1/2"]
[ECO "D06"]
[WhiteElo "2448"]
[BlackElo "2286"]
[Annotator "NA"]
[PlyCount "43"]
[EventDate "2019.06.08"]
[EventType "swiss"]
[EventCountry "ITA"]
[SourceTitle "playchess.com"]
[Source "ChessBase"]
[SourceQuality "1"]
[TimeControl "40/5400+30:900+30"]

1. d4 d5 2. c4 c5 3. Nf3 cxd4 4. cxd5 Qxd5 5. Nc3 Qa5 6. Nxd4 Nf6 7. g3 e5 8. Nb3 Qc7 9. Bg2 Bb4 10. Bd2 O-O 11. O-O Nc6 12. Rc1 Rd8 13. Qe1 Qe7 14. a3 Be6 15. axb4 Bxb3 16. Bg5 h6 17. Bxf6 Qxf6 18. b5 Nd4 19. Bxb7 Rab8 20. Be4 Qb6 21. e3 Nxb5 22. Nxb5 1/2-1/2

[Event "6th Cattolica Open 2019"]
[Site "Cattolica"]
[Date "2019.06.12"]
[Round "7.3"]
[White "Rychagov, Andrey"]
[Black "Mareco, Sandro"]
[Result "1/2-1/2"]
[ECO "D30"]
[WhiteElo "2520"]
[BlackElo "2643"]
[Annotator "RC"]
[PlyCount "48"]
[EventDate "2019.06.08"]
[EventType "swiss"]
[EventCountry "ITA"]
[SourceTitle "playchess.com"]
[Source "ChessBase"]
[SourceQuality "1"]
[TimeControl "40/5400+30:900+30"]

1. d4 Nf6 2. c4 e6 3. Nf3 d5 4. e3 a6 5. Nc3 b6 6. Qa4+ c6 7. cxd5 b5 8. Qd1 cxd5 9. Bd2 Bd6 10. Bd3 O-O 11. O-O Bb7 12. a3 Nc6 13. Na2 Qe7 14. Bc3 Ne4 15. Qe1 Rfc8 16. Rc1 Nxc3 17. Nxc3 Na5 18. e4 dxe4 19. Bxe4 Nc4 20. Qe2 Bf4 21. Ra1 Bxe4 22. Nxe4 Nb6 23. g3 Bd6 24. Rac1 h6 1/2-1/2

[Event "6th Cattolica Open 2019"]
[Site "Cattolica"]
[Date "2019.06.12"]
[Round "7.5"]
[White "Repka, Christopher"]
[Black "Basso, Pier Luigi"]
[Result "1/2-1/2"]
[ECO "C67"]
[WhiteElo "2482"]
[BlackElo "2539"]
[Annotator "ChessBase"]
[PlyCount "49"]
[EventDate "2019.06.08"]
[EventType "swiss"]
[EventCountry "ITA"]
[SourceTitle "playchess.com"]
[Source "ChessBase"]
[SourceQuality "1"]
[TimeControl "40/5400+30:900+30"]

1. e4 e5 2. Nf3 Nc6 3. Bb5 Nf6 4. O-O Nxe4 5. d4 Nd6 6. Bxc6 dxc6 7. dxe5 Nf5 8. Qxd8+ Kxd8 9. h3 Ke8 10. Nc3 h5 11. Bf4 Be7 12. Rad1 Be6 13. Ng5 Rh6 14. g3 Bxg5 15. Bxg5 Rg6 16. h4 f6 17. exf6 gxf6 18. Bf4 Nxh4 19. f3 Rd8 20. Rde1 Kd7 21. Rd1+ Kc8 22. Rxd8+ Kxd8 23. Kf2 Nf5 24. Rh1 Ng7 25. Ne2 1/2-1/2

[Event "6th Cattolica Open 2019"]
[Site "Cattolica"]
[Date "2019.06.12"]
[Round "7.7"]
[White "Corvi, Marco"]
[Black "Kharitonov, Alexandr"]
[Result "1/2-1/2"]
[ECO "B19"]
[WhiteElo "2253"]
[BlackElo "2547"]
[Annotator "ChessBase"]
[PlyCount "52"]
[EventDate "2019.06.08"]
[EventType "swiss"]
[EventCountry "ITA"]
[SourceTitle "playchess.com"]
[Source "ChessBase"]
[SourceQuality "1"]
[TimeControl "40/5400+30:900+30"]

1. e4 c6 2. d4 d5 3. Nd2 dxe4 4. Nxe4 Bf5 5. Ng3 Bg6 6. h4 h6 7. Nf3 Nd7 8. h5 Bh7 9. Bd3 Bxd3 10. Qxd3 e6 11. Bd2 Ngf6 12. O-O-O Be7 13. Kb1 O-O 14. Ne4 Nxe4 15. Qxe4 Nf6 16. Qe2 Qd5 17. Ne5 Qe4 18. Qxe4 Nxe4 19. Be3 Rfd8 20. g4 Rac8 21. f3 Nf6 22. Bc1 Nd7 23. f4 Nxe5 24. dxe5 b5 25. Be3 a6 26. Rxd8+ Rxd8 1/2-1/2

[Event "6th Cattolica Open 2019"]
[Site "Cattolica"]
[Date "2019.06.12"]
[Round "7.8"]
[White "Ankit, R. Rajpara"]
[Black "Mezentsev, Ivan"]
[Result "1-0"]
[ECO "D30"]
[WhiteElo "2447"]
[BlackElo "2281"]
[Annotator "NA"]
[PlyCount "160"]
[EventDate "2019.06.08"]
[EventType "swiss"]
[EventCountry "ITA"]
[SourceTitle "playchess.com"]
[Source "ChessBase"]
[SourceQuality "1"]
[TimeControl "40/5400+30:900+30"]

1. d4 d5 2. c4 e6 3. Nf3 a6 4. Bg5 Be7 5. Bxe7 Qxe7 6. Nbd2 Nf6 7. e3 O-O 8. Qc2 c5 9. dxc5 Qxc5 10. Bd3 Nc6 11. a3 dxc4 12. Qxc4 Qxc4 13. Nxc4 b5 14. Nb6 Rb8 15. Nxc8 Rfxc8 16. Ke2 Kf8 17. Rhc1 Ke7 18. Rc2 Na7 19. Rxc8 Nxc8 20. Rc1 Nb6 21. Ne5 Ra8 22. Nc6+ Kd6 23. Nb4 Nfd5 24. Rc6+ Kd7 25. Be4 Nc4 26. Nxd5 exd5 27. Bxd5 Ra7 28. a4 Ne5 29. Rc2 Kd6 30. Bb3 Nc6 31. axb5 axb5 32. Rc3 f6 33. Bc2 g6 34. Bd3 b4 35. Rc2 Ra1 36. Be4 Na5 37. h4 b3 38. Rd2+ Kc5 39. Bd5 Rc1 40. Bg8 Nc4 41. Bxc4 Kxc4 42. e4 Rh1 43. g3 Rc1 44. f4 Rg1 45. Kf2 Rh1 46. e5 fxe5 47. fxe5 Ra1 48. Kf3 Rf1+ 49. Ke3 Rf7 50. Ke4 Rf1 51. Rd4+ Kc5 52. Rd3 Rf2 53. Rxb3 Re2+ 54. Kf4 Kd4 55. Rb4+ Kd5 56. Rb7 Rf2+ 57. Ke3 Rc2 58. Rxh7 Kxe5 59. Rb7 Kf5 60. Rb6 Rh2 61. Kf3 g5 62. Rb5+ Kf6 63. Rxg5 Rxb2 64. Kg4 Rb4+ 65. Kh5 Kf7 66. g4 Rb6 67. Ra5 Kg7 68. Ra7+ Kh8 69. g5 Rb4 70. g6 Kg8 71. Kg5 Rb5+ 72. Kh6 Rb8 73. h5 Rc8 74. Ra5 Kf8 75. Kh7 Rc7+ 76. Kh8 Rc8 77. Rf5+ Ke7+ 78. Kh7 Ke6 79. Rf1 Rc5 80. h6 Kd5 1-0

[Event "6th Cattolica Open 2019"]
[Site "Cattolica"]
[Date "2019.06.12"]
[Round "7.10"]
[White "Lumachi, Gabriele"]
[Black "Yankelevich, Lev"]
[Result "0-1"]
[ECO "A48"]
[WhiteElo "2286"]
[BlackElo "2484"]
[Annotator "ChessBase"]
[PlyCount "104"]
[EventDate "2019.06.08"]
[EventType "swiss"]
[EventCountry "ITA"]
[SourceTitle "playchess.com"]
[Source "ChessBase"]
[SourceQuality "1"]
[TimeControl "40/5400+30:900+30"]

1. d4 Nf6 2. Bf4 c5 3. e3 g6 4. c3 cxd4 5. exd4 Bg7 6. Nf3 O-O 7. Be2 d6 8. O-O Qb6 9. Qc1 Nc6 10. Na3 d5 11. Nc2 Ne4 12. Ne3 Be6 13. Nd1 Rfe8 14. Qe3 Bf5 15. h3 Rad8 16. Bh2 Bc8 17. Bd3 Nd6 18. Qe2 f6 19. Ne3 Nf7 20. c4 Nxd4 21. Nxd4 dxc4 22. Bxc4 Rxd4 23. Rac1 e5 24. Nd5 Qd8 25. Nc3 a6 26. Ne4 b6 27. Qf3 f5 28. Qb3 Qe7 29. Ng5 Rxc4 30. Rxc4 Qxg5 31. f4 Qe7 32. Qxb6 e4 33. Rfc1 Qb7 34. Qxb7 Bxb7 35. Bg3 Bxb2 36. Rd1 Bf6 37. Rc7 Bc8 38. Be1 Bd8 39. Rcc1 Be6 40. a3 Bb6+ 41. Kh1 Be3 42. Bd2 Bf2 43. Rf1 Bd4 44. Bb4 Bb3 45. Rfe1 Ba4 46. Bc3 Bf2 47. Re2 e3 48. Bd4 Bb5 49. Rec2 Bg3 50. Rc8 e2 51. Rxe8+ Bxe8 52. Bc3 Bxf4 0-1

[Event "6th Cattolica Open 2019"]
[Site "Cattolica"]
[Date "2019.06.13"]
[Round "8.1"]
[White "Barseghyan, Harutyun"]
[Black "Martinez Alcantara, Jose Eduardo"]
[Result "1/2-1/2"]
[ECO "E32"]
[WhiteElo "2495"]
[BlackElo "2583"]
[Annotator "ChessBase"]
[PlyCount "42"]
[EventDate "2019.06.08"]
[EventType "swiss"]
[EventCountry "ITA"]
[SourceTitle "playchess.com"]
[Source "ChessBase"]
[SourceQuality "1"]
[TimeControl "40/5400+30:900+30"]

1. d4 Nf6 2. c4 e6 3. Nc3 Bb4 4. Qc2 d6 5. Nf3 O-O 6. g3 b6 7. Bg2 Bb7 8. O-O Bxc3 9. Qxc3 Nbd7 10. b3 Be4 11. Bg5 h6 12. Bxf6 Nxf6 13. Rfd1 a5 14. a4 Qe7 15. Rac1 Rfd8 16. Ne1 Bxg2 17. Nxg2 c5 18. Ne3 cxd4 19. Qxd4 Qc7 20. Ng4 Nxg4 21. Qxg4 Rac8 1/2-1/2

[Event "6th Cattolica Open 2019"]
[Site "Cattolica"]
[Date "2019.06.13"]
[Round "8.2"]
[White "Mareco, Sandro"]
[Black "Dreev, Aleksey"]
[Result "1/2-1/2"]
[ECO "B40"]
[WhiteElo "2643"]
[BlackElo "2657"]
[Annotator "RC"]
[PlyCount "67"]
[EventDate "2019.06.08"]
[EventType "swiss"]
[EventCountry "ITA"]
[SourceTitle "playchess.com"]
[Source "ChessBase"]
[SourceQuality "1"]
[TimeControl "40/5400+30:900+30"]

1. e4 c5 2. Nf3 e6 3. g3 d5 4. exd5 exd5 5. Bg2 Qe7+ 6. Kf1 Nc6 7. d4 Bg4 8. c3 cxd4 9. h3 Bxf3 10. Bxf3 Qf6 11. cxd4 Qxd4 12. Kg2 Bc5 13. Qc2 Bb6 14. Be3 Qf6 15. Bxb6 axb6 16. Bxd5 Nge7 17. Be4 h5 18. Nc3 O-O 19. Rad1 h4 20. Qe2 Ra5 21. Rd7 Re5 22. Qf3 Qe6 23. Rhd1 hxg3 24. R1d6 Qc4 25. fxg3 Qc5 26. Qf2 Rb8 27. Qd2 Nf5 28. Bxf5 Rxf5 29. Rd5 Rxd5 30. Qxd5 Ne5 31. Rd8+ Rxd8 32. Qxd8+ Kh7 33. Qd5 Qc7 34. Qe4+ 1/2-1/2

[Event "6th Cattolica Open 2019"]
[Site "Cattolica"]
[Date "2019.06.13"]
[Round "8.5"]
[White "Sonis, Francesco"]
[Black "Repka, Christopher"]
[Result "0-1"]
[ECO "D31"]
[WhiteElo "2494"]
[BlackElo "2482"]
[Annotator "ChessBase"]
[PlyCount "108"]
[EventDate "2019.06.08"]
[EventType "swiss"]
[EventCountry "ITA"]
[SourceTitle "playchess.com"]
[Source "ChessBase"]
[SourceQuality "1"]
[TimeControl "40/5400+30:900+30"]

1. c4 e6 2. Nc3 d5 3. d4 a6 4. cxd5 exd5 5. Bf4 Be6 6. e3 Bd6 7. Bd3 Bxf4 8. exf4 Ne7 9. Nf3 Qd6 10. Qd2 Nbc6 11. O-O O-O 12. Rfe1 Bf5 13. g3 Rfe8 14. Re3 Bg4 15. Ne5 Be6 16. Bc2 Nb4 17. Ba4 b5 18. a3 Nf5 19. Re2 bxa4 20. axb4 Qxb4 21. Rxa4 Qb6 22. Qd3 f6 23. Nf3 Nd6 24. Ra2 a5 25. Nh4 Bg4 26. f3 Rxe2 27. Nxe2 Bd7 28. Nc3 Qb3 29. Ng2 Nb5 30. Qd2 Nxc3 31. bxc3 Qb1+ 32. Kf2 a4 33. Ne1 a3 34. Qc2 Bf5 35. Qxb1 Bxb1 36. Ra1 a2 37. Ke3 Ra3 38. Kd2 Rb3 39. Nd3 f5 40. h4 Kf7 41. g4 g6 42. g5 Ke7 43. Nb4 Rb2+ 44. Kc1 Rh2 45. Nxd5+ Kd6 46. Nf6 Rxh4 47. Kd2 Rxf4 48. Ke3 Rh4 49. Kf2 Rh2+ 50. Kg3 Rc2 51. Nxh7 Ke6 52. Nf6 Rxc3 53. Kf4 Rd3 54. d5+ Rxd5 {[%emt 0:00:14] Ke5+ Kxe5} 0-1

[Event "6th Cattolica Open 2019"]
[Site "Cattolica"]
[Date "2019.06.13"]
[Round "8.6"]
[White "Epishin, Vladimir"]
[Black "Kjartansson, Gudmundur"]
[Result "1-0"]
[ECO "D31"]
[WhiteElo "2564"]
[BlackElo "2459"]
[Annotator "ChessBase"]
[PlyCount "79"]
[EventDate "2019.06.08"]
[EventType "swiss"]
[EventCountry "ITA"]
[SourceTitle "playchess.com"]
[Source "ChessBase"]
[SourceQuality "1"]
[TimeControl "40/5400+30:900+30"]

1. d4 d5 2. c4 e6 3. Nc3 c6 4. e3 Nf6 5. a3 Nbd7 6. Bd2 Bd6 7. c5 Bc7 8. f4 Ng8 9. Nf3 f6 10. e4 dxe4 11. Nxe4 Ne7 12. Bd3 Nd5 13. g3 Nf8 14. Qe2 Qe7 15. O-O-O Bd7 16. Nc3 Nxc3 17. Bxc3 Qf7 18. Nd2 Ng6 19. Ne4 Ne7 20. Ba5 Bb8 21. Qc2 Nd5 22. Rde1 b6 23. Bd2 Bc7 24. f5 Kf8 25. cxb6 Bxb6 26. fxe6 Bxe6 27. Rhf1 Qd7 28. Ng5 Bg8 29. Bf5 Qd6 30. Ne6+ Kf7 31. Bf4 Nxf4 32. Nxf4 Bxd4 33. Be6+ Kf8 34. Bxg8 Rxg8 35. Ne6+ Kf7 36. Ng5+ Kf8 37. Nxh7+ Kf7 38. Ng5+ Kf8 39. Qg6 Bxb2+ 40. Kb1 1-0